 Dungeon Crawl Stone Soup version 0.17-a0-968-gf8e1f1d (webtiles) character file.

1779 laxity the Magician (level 8, -1/45 HPs)
             Began as a Deep Elf Fire Elementalist on May 9, 2015.
             Slain by a water moccasin (10 damage)
             ... on level 4 of the Dungeon.
             The game lasted 00:14:30 (6644 turns).

laxity the Magician (Deep Elf Fire Elementalist)    Turns: 6644, Time: 00:14:30

Health: -1/45      AC:  9    Str:  5    XL:     8   Next: 81%
Magic:  0/21       EV: 14    Int: 23    God:
Gold:   20         SH:  5    Dex: 15    Spells: 5 memorised, 7 levels left

rFire  . . .     SeeInvis .     p - +0 flail (protect)
rCold  . . .     Clarity  .     a - +0 robe
rNeg   . . .     SustAb   .     h - +0 buckler (curse)
rPois  .         Gourm    +     (no helmet)
rElec  .         Spirit   .     (no cloak)
rCorr  .         Warding  .     (no gloves)
rMut   .         Stasis   .     z - +1 pair of boots {Fly}
MR     .....                    f - amulet of the gourmand
Stlth  ++........               (no ring)
                                (no ring)

@: lethally poisoned (-1 -> -4), flying, not resistant to hostile enchantments,
unstealthy
A: no striking features
a: Stop Flying


You were on level 4 of the Dungeon.
You were not hungry.

You visited 1 branch of the dungeon, and saw 5 of its levels.
You also visited: Ossuary.

You collected 132 gold pieces.
You spent 112 gold pieces at shops.

Inventory:

Hand weapons
 p - a +0 flail of protection (weapon)
 t - a +0 dagger
Armour
 a - a +0 robe (worn)
 h - a cursed +0 buckler (worn)
 z - a +1 pair of boots of flying (worn)
Magical staves
 x - an uncursed staff of earth
Jewellery
 c - an uncursed ring of flight
 f - an amulet of the gourmand (around neck)
 j - an uncursed amulet of rage {unknown}
Scrolls
 d - a scroll of magic mapping {unknown}
 e - 12 scrolls of identify {unknown}
 l - 3 scrolls of noise {unknown}
 n - a scroll of recharging {unknown}
 o - 3 scrolls of teleportation {unknown}
 q - a scroll of fog {unknown}
 s - a scroll of random uselessness {unknown}
 v - a scroll of enchant weapon {unknown}
 y - 3 scrolls of immolation {unknown}
 A - a scroll of amnesia {unknown}
 C - a scroll of enchant armour {unknown}
 F - a scroll of blinking {unknown}
Potions
 g - 3 potions of lignification {unknown}
 i - a potion of agility {unknown}
 m - a potion of curing {unknown}
 r - a potion of cure mutation {unknown}
 u - 2 potions of brilliance {unknown}
 B - a potion of berserk rage {unknown}
 D - a potion of flight {unknown}
 E - a potion of mutation {unknown}
 G - a potion of ambrosia {unknown}
Books
 b - a book of Flames

   Spells                             Type                      Level
   a - Flame Tongue                   Conjuration/Fire             1
   b - Throw Flame                    Conjuration/Fire             2
   c - Conjure Flame                  Conjuration/Fire             3
   d - Inner Flame                    Hexes/Fire                   3
   e - Sticky Flame                   Conjuration/Fire             4
   f - Fireball                       Conjuration/Fire             5
Comestibles
 k - a meat ration
 w - a royal jelly


   Skills:
 + Level 2.8 Fighting
 + Level 3.0 Short Blades
 + Level 4.5 Dodging
 - Level 2.4 Stealth
 + Level 3.0 Shields
 + Level 7.5 Spellcasting
 + Level 5.4 Conjurations
 + Level 6.4 Fire Magic


You had 7 spell levels left.
You knew the following spells:

 Your Spells              Type           Power        Failure   Level  Hunger
a - Flame Tongue          Conj/Fire      #####        1%          1    None
b - Throw Flame           Conj/Fire      #####.       1%          2    None
c - Conjure Flame         Conj/Fire      #####...     2%          3    None
d - Sticky Flame          Conj/Fire      #####...     10%         4    ###....
e - Fireball              Conj/Fire      #####.....   21%         5    #####..


Dungeon Overview and Level Annotations

Branches:
Dungeon (5/15)
 Temple: D:4-7

Altars:
Ashenzari
Makhleb
Nemelex Xobeh
Okawaru
Qazlal
Zin

Shops:
D:5 [


Message History

The water moccasin completely misses you.
You closely miss the water moccasin.
The water moccasin is heavily wounded.
You feel sick. The water moccasin misses you.
The water moccasin barely misses you.
Unknown command.
You feel sick.
Unknown command.
The water moccasin bites you but does no damage.
Casting: Flame Tongue
Confirm with . or Enter, or press ? or * to list all spells.
Aiming: Flame Tongue
Press: ? - help, Shift-Dir - straight line, f/p - water moccasin
Aim: a water moccasin (heavily wounded)
The flame tongue hits the water moccasin.
The water moccasin is severely wounded.
You feel sick. The water moccasin bites you.
* * * LOW HITPOINT WARNING * * *
You feel sick. The water moccasin bites you!
You die...

#.# ##......##..##.##........
###.####.......##.###.....#####.
##...........#...............# ##
...#.#####...##.#...####..##.####
.###.# #...##.#..## ##.##...## ##
#.# ##.####....# #..###... #.#
#...# #....# ##.# #...
####.####...###.#..#######.###...
............>..S@................
####.####....#..####.#####.######
#.# #....#.## #.## #^.###.. #.#
##.#.#.# #..#####.....# #.#
###..#.# ##.#..........
#.####.†....# ###.......##..##
#.##......### #......######.#
#..#.##.[.#####.###.....###.##
##.#.##......................#


You could see a water moccasin.

Vanquished Creatures
  The ghost of Gorice the Skirmisher, an average GrWn (D:5)
  Menkaure (D:4)
  An ice beast (D:5)
  10 scorpions
  A water moccasin skeleton (D:4)
  A crimson imp (D:4)
  A centaur zombie (Ossuary)
  3 orc priests (D:4)
  A hound (D:4)
  4 human zombies (Ossuary)
  A worker ant (D:4)
  4 orc wizards
  A giant frog skeleton (D:4)
  Natasha (thrice) (D:2)
  An iguana (D:4)
  2 mummies (Ossuary)
  2 scorpion zombies (Ossuary)
  7 adders
  4 gnolls (D:2)
  2 oozes
  3 worms
  A giant gecko (D:5)
  27 orcs
  3 ball pythons
  3 gnoll zombies (Ossuary)
  3 goblins
  5 hobgoblins
  2 jackals (D:4)
  6 kobolds
  3 quokkas
  10 bats
  4 giant cockroaches
  5 giant newts
  A goblin zombie (Ossuary)
  A hobgoblin zombie (Ossuary)
  An orc zombie (Ossuary)
  9 rats
138 creatures vanquished.

Vanquished Creatures (others)
  A scorpion (Ossuary)
  A mummy (Ossuary)
  An orc zombie (Ossuary)
3 creatures vanquished.

Grand Total: 141 creatures vanquished

Notes
Turn   | Place    | Note
--------------------------------------------------------------
     0 | D:1      | laxity, the Deep Elf Fire Elementalist, began the quest for the Orb.
     0 | D:1      | Reached XP level 1. HP: 10/10 MP: 6/6
   255 | D:1      | Reached XP level 2. HP: 15/15 MP: 6/8
   259 | D:1      | Learned a level 2 spell: Throw Flame
   774 | D:2      | Reached XP level 3. HP: 19/19 MP: 7/10
   779 | D:2      | Learned a level 3 spell: Conjure Flame
   829 | D:2      | Reached skill level 4 in Spellcasting
  1118 | D:2      | Reached XP level 4. HP: 24/24 MP: 8/12
  1128 | D:2      | Learned a level 4 spell: Sticky Flame
  1193 | D:2      | Noticed Natasha
  1228 | D:2      | Killed Natasha
  1283 | D:2      | Found a sparkling altar of Nemelex Xobeh.
  1283 | D:2      | Found a shattered altar of Ashenzari.
  1355 | D:2      | Noticed Natasha
  1358 | D:2      | Killed Natasha
  1394 | D:2      | Noticed Natasha
  1397 | D:2      | Killed Natasha
  1536 | D:2      | Reached XP level 5. HP: 28/28 MP: 2/14
  1751 | D:3      | Reached skill level 5 in Spellcasting
  2432 | D:3      | Found a stormy altar of Qazlal.
  2432 | D:3      | Found an iron altar of Okawaru.
  2736 | D:4      | Reached XP level 6. HP: 26/32 MP: 8/16
  2739 | D:4      | Reached skill level 5 in Fire Magic
  2794 | D:4      | Noticed Menkaure
  2801 | D:4      | Killed Menkaure
  2801 | D:4      | Reached skill level 1 in Fighting
  2984 | D:4      | Reached skill level 1 in Shields
  2984 | D:4      | Reached skill level 6 in Spellcasting
  3082 | D:4      | Reached XP level 7. HP: 38/38 MP: 13/18
  3399 | D:4      | Found a burning altar of Makhleb.
  3399 | D:4      | Found a glowing silver altar of Zin.
  3400 | D:4      | Noticed an angel
  3400 | D:4      | Noticed a blizzard demon
  3421 | D:4      | Reached skill level 1 in Short Blades
  3993 | D:5      | Entered Level 5 of the Dungeon
  3996 | D:5      | Found Tieseq's Antique Armour Shop.
  4024 | D:5      | Bought a pair of embroidered boots for 112 gold pieces
  4029 | D:5      | Noticed Gorice's ghost (average GrWn)
  4062 | D:5      | Killed Gorice's ghost
  4062 | D:5      | Reached XP level 8. HP: 40/44 MP: 0/20
  4148 | D:5      | Found a sand-covered staircase.
  4162 | Ossuary  | Entered an ossuary
  4285 | Ossuary  | Learned a level 5 spell: Fireball
  5062 | Ossuary  | Reached skill level 5 in Conjurations
  5144 | Ossuary  | Reached skill level 7 in Spellcasting
  6644 | D:4      | Slain by a water moccasin

Action                   |  1- 3 |  4- 6 |  7- 9 || total
-------------------------+-------+-------+-------++-------
Melee: Flail             |       |     4 |    45 ||    49
 Cast: Flame Tongue      |    46 |    97 |   128 ||   271
       Throw Flame       |     2 |    30 |    21 ||    53
       Sticky Flame      |       |     1 |    16 ||    17
       Conjure Flame     |       |       |     5 ||     5
  Eat: Chunk             |     7 |     7 |     2 ||    16
       Bread ration      |       |       |     1 ||     1
